 Dungeon Crawl Stone Soup version 0.31.0-12-g77e489cdc1 (webtiles) character file.

Game seed: 16426169303420660083

3798 Killerpretzel the Mimic (level 10, -1/68 HPs)
             Began as an Octopode Shapeshifter on Mar 2, 2024.
             Was a Believer of Vehumet.
             Slain by a vampire mosquito (2 damage)
             ... on level 9 of the Dungeon.
             The game lasted 00:16:59 (8365 turns).

Killerpretzel the Mimic (Octopode Shapeshifter)     Turns: 8365, Time: 00:16:59

Health: -1/68      AC:  1    Str: 14    XL:     10   Next: 16%
Magic:  10/10      EV: 17    Int: 13    God:    Vehumet [**....]
Gold:   465        SH:  0    Dex: 21    Spells: 5/9 levels left

rFire   . .          .
                       - Unarmed
rCold   . . .        (no shield)
rNeg    + . .        (helmet currently unavailable)
rPois   .            r - amulet of regeneration
rElec   .            d - +6 ring of dexterity
rCorr   .            e - ring of positive energy
SInv    .            m - ring of flight
Will    .....        (no ring)
Stlth   +++          (no ring)
HPRegen 1.11/turn    (no ring)
MPRegen 0.12/turn    (no ring)
                     (no ring)

%: no passive effects
@: beast-form, flying
A: beast (slay +4), almost no armour, amphibious, 8 rings, camouflage 1,
gelatinous body 1, (nimble swimmer 1), tentacles
a: Begin Untransformation, Renounce Religion


You were on level 9 of the Dungeon.
You worshipped Vehumet.
Vehumet was pleased with you.
You were a hulking beast.
You visited 2 branches of the dungeon, and saw 11 of its levels.

You collected 465 gold pieces.

Inventory:

Jewellery
 d - a +6 ring of dexterity (left tentacle)
 e - a ring of positive energy (right tentacle)
 m - a ring of flight (on tentacle)
 r - an amulet of regeneration (around mantle)
 s - an amulet of reflection
 u - an amulet of magic regeneration
Talismans
 b - a beast talisman
 c - a flux talisman
Wands
 j - a wand of charming (21)
 q - a wand of digging (6)
 t - a wand of flame (32)
Scrolls
 i - a scroll of enchant armour
 n - 3 scrolls of enchant weapon
 o - a scroll of torment
 p - 9 scrolls of identify
Potions
 a - a potion of lignification
 f - 3 potions of heal wounds
 g - a potion of magic
 k - 3 potions of enlightenment
 l - a potion of brilliance


   Skills:
 + Level 6.1 Fighting
 + Level 6.4 Dodging
 + Level 6.7 Unarmed Combat
 + Level 4.1 Translocations
 * Level 8.6 Shapeshifting


You had 5 spell levels left.
You knew the following spells:

 Your Spells              Type           Power      Damage    Failure   Level
a - Manifold Assault      Tloc           10%        N/A       50%         4

Your spell library contained the following spells:

 Spells                   Type           Power      Damage    Failure   Level
 Freeze                   Ice            0%         1d3       30%         1
 Call Canine Familiar     Summ           0%         N/A       67%         3
 Fugue of the Fallen      Necr           0%         N/A       67%         3
 Ozocubu's Armour         Ice            0%         N/A       67%         3
 Sigil of Binding         Hex            0%         N/A       67%         3
 Dimensional Bullseye     Hex/Tloc       2%         N/A       80%         4
 Anguish                  Hex/Necr       0%         N/A       97%         4
 Cause Fear               Hex            0%         N/A       97%         4
 Enfeeble                 Hex            0%         N/A       100%        7


Dungeon Overview and Level Annotations

Branches:
Dungeon (10/15)            Temple (1/1) D:5            Lair (0/5) D:9
    Orc: D:9-12

Altars:
Ashenzari
Cheibriados
Elyvilon
Fedhas
Gozag
Hepliaklqana
Kikubaaqudgha
Makhleb
Nemelex Xobeh
Okawaru
Qazlal
Ru
Sif Muna
Trog
Uskayaw
Vehumet
Wu Jian
Xom
Yredelemnul
Zin
The Shining One

Shops:
D:6 !

Annotations:
D:9 exclusion: two-headed ogre


Innate Abilities, Weirdness & Mutations

You are a hulking beast.
Your limbs bulge with bestial killing power. (Slay +4)
You cannot wear most types of armour.
You are amphibious.
You can wear up to eight rings at the same time.
Your skin changes colour to match your surroundings (Stealth+).
Your rubbery body absorbs attacks. (AC +1, EV +1)
((You are camouflaged when in or above water. (Stealth+)))
You have tentacles for arms and can constrict up to eight enemies at once.


Message History

The vampire mosquito bites you.
The vampire mosquito closely misses you.
The vampire mosquito misses you.
The vampire mosquito closely misses you.
You fly upwards.
Level annotation: exclusion: two-headed ogre
There is a stone staircase leading down here.
You miss the vampire mosquito. Your grab misses the vampire mosquito.
The vampire mosquito completely misses you.
The vampire mosquito misses you.
The vampire mosquito closely misses you.
The vampire mosquito completely misses you.
You tentacle-slap the vampire mosquito. You grab the vampire mosquito.
The vampire mosquito is lightly damaged.
You constrict the vampire mosquito. The vampire mosquito bites you!
The vampire mosquito draws strength from your injuries!
The vampire mosquito bites you!
The vampire mosquito draws strength from your injuries!
The vampire mosquito misses you. The vampire mosquito bites you.
You bludgeon the vampire mosquito!
The vampire mosquito is moderately damaged.
You constrict the vampire mosquito.
The vampire mosquito closely misses you.
The vampire mosquito bites you.
The vampire mosquito draws strength from your injuries!
You tentacle-slap the vampire mosquito. You squeeze the vampire mosquito.
The vampire mosquito is heavily damaged.
You constrict the vampire mosquito.
The vampire mosquito completely misses you.
The vampire mosquito bites you. The vampire mosquito bites you!
* * * LOW HITPOINT WARNING * * *
The vampire mosquito misses you.
You barely miss the vampire mosquito.
The vampire mosquito is severely damaged.
You constrict the vampire mosquito. The vampire mosquito bites you!
* * * LOW HITPOINT WARNING * * *
The vampire mosquito draws strength from your injuries!
The vampire mosquito closely misses you.
The vampire mosquito bites you.
You die...

####.#### #..# #.......# #..#
#.......# #..# ####
####.......###### #..#####..#
................#######.........#
.###...#'#####...................
...#...#.....#........)########..
.###...#.....#.........># #..
_..#...#.....#..hy....### #..
.#.#...##....'..y†....# #..
...#....#<...#........#########..
.###....######...................
.#####.)))........>..............
.....#...........................
.....################......†.....
................<...######†######
......#######...................#


You could see 2 vampire mosquitoes.

Vanquished Creatures
  Jeremiah (D:6)
  5 yaks
  A vampire mosquito (D:9)
  A black bear (D:5)
  An ice beast (D:8)
  2 ogres
  3 orc warriors
  A phantom (D:4)
  3 centaurs
  3 kobold brigands
  2 bullfrogs
  2 scorpions
  3 wights (D:8)
  4 killer bees (D:8)
  2 howler monkeys (D:8)
  2 bombardier beetles
  2 hounds
  4 jellies
  4 orc priests
  A gnoll bouda (D:5)
  Jessica (D:3)
  2 iguanas
  2 sleepcaps
  5 orc wizards
  7 adders
  9 gnolls
  2 ufetubi (D:5)
  2 dart slugs (D:1)
  4 ribbon worms
  27 orcs
  7 ball pythons
  6 endoplasms
  4 giant cockroaches
  7 goblins
  4 hobgoblins
  14 jackals
  14 kobolds
  A quokka (D:1)
  10 bats
  2 frilled lizards
  7 rats
184 creatures vanquished.

Notes
Turn   | Place    | Note
-------+----------+-------------------------------------------
     0 | D:1      | Killerpretzel the Octopode Shapeshifter began the quest for
                  | the Orb.
     0 | D:1      | Reached XP level 1. HP: 13/13 MP: 1/1
    42 | D:1      | Reached XP level 2. HP: 12/18 MP: 2/2
   310 | D:1      | Reached XP level 3. HP: 12/23 MP: 3/3
  1266 | D:2      | Reached XP level 4. HP: 26/29 MP: 4/4
  2196 | D:3      | Found a glowing golden altar of the Shining One.
  2201 | D:3      | Found a glowing silver altar of Zin.
  2322 | D:3      | Noticed Jessica
  2327 | D:3      | Killed Jessica
  2328 | D:3      | Reached skill level 4 in Shapeshifting
  2328 | D:3      | Reached XP level 5. HP: 30/34 MP: 5/5
  3261 | D:4      | Found an iron altar of Okawaru.
  3293 | D:4      | Reached XP level 6. HP: 41/41 MP: 6/6
  3582 | D:5      | Entered Level 5 of the Dungeon
  3763 | D:5      | Reached skill level 5 in Shapeshifting
  3781 | D:5      | Reached XP level 7. HP: 46/46 MP: 7/7
  4015 | D:5      | Found a staircase to the Ecumenical Temple.
  4024 | Temple   | Entered the Ecumenical Temple
  4032 | Temple   | Became a worshipper of Vehumet
  4420 | D:6      | Reached XP level 8. HP: 54/54 MP: 8/8
  4505 | D:6      | Reached skill level 6 in Shapeshifting
  4543 | D:6      | Reached skill level 5 in Unarmed Combat
  4594 | D:6      | Learned a level 4 spell: Manifold Assault
  4744 | D:6      | Noticed Jeremiah
  4756 | D:6      | Killed Jeremiah
  4757 | D:6      | Reached skill level 1 in Translocations
  4970 | D:6      | Found Mesal's Distillery.
  5062 | D:6      | Found a sparkling altar of Nemelex Xobeh.
  5063 | D:6      | Found a hazy altar of Hepliaklqana.
  5570 | D:7      | Reached skill level 5 in Dodging
  5631 | D:7      | Reached * piety under Vehumet
  5631 | D:7      | Offered knowledge of Shock by Vehumet.
  5832 | D:7      | Found a blossoming altar of Fedhas.
  5965 | D:7      | Reached skill level 7 in Shapeshifting
  5965 | D:7      | Reached XP level 9. HP: 60/60 MP: 9/9
  6015 | D:7      | Found a stormy altar of Qazlal.
  6544 | D:8      | Reached skill level 5 in Fighting
  7269 | D:9      | Offered knowledge of Freeze by Vehumet.
  7279 | D:9      | Found a staircase to the Lair.
  7319 | D:9      | Reached ** piety under Vehumet
  7592 | D:9      | Found a flagged portal.
  7659 | D:9      | Reached skill level 8 in Shapeshifting
  7691 | D:9      | Found an opulent altar of Gozag.
  7781 | D:9      | Noticed a two-headed ogre
  7931 | D:8      | Reached XP level 10. HP: 36/68 MP: 10/10
  8340 | D:10     | Entered Level 10 of the Dungeon
  8365 | D:9      | HP: 1/68 [vampire mosquito (11)]
  8365 | D:9      | Slain by a vampire mosquito

Illustrated notes

Levels and vault maps discovered:
D:1:      tarquinn_simple_flora_water_b, layout_loops_corners, minivault_25,
          wad_floor_pattern_1
D:2:      layout_loops_corners
D:3:      layout_basic, minitemple, uniq_jessica
D:4:      layout_rooms, lemuel_crystal_altar
D:5:      layout_cave_pools, minmay_temple_entry_gardened_gates
D:6:      layout_basic, chequers_temple_overflow_statue_of_worship,
          serial_shops, kennysheep_mini_moat, lemuel_flame_loot_1, uniq_jeremiah
D:7:      layout_loops_ring, grunt_qazlal_sundering, fedhas_altar_4
D:8:      layout_basic, kennysheep_generic_room_9
D:9:      layout_irregular_city, nicolae_gozag_cash_rules_everything_around_me,
          lair_entry_dummy, enter_bailey_4
D:10:     layout_small_grid, nicolae_dithmenos_through_a_glass_darkly
Temple:   hellmonk_temple_forest_ring

Skill      XL: |  1  2  3  4  5  6  7  8  9 10 |
---------------+-------------------------------+-----
Fighting       | 2 3 4 5 6 |  6.1
Shapeshifting  | 4 5 7 8 |  8.6
Dodging        | 3 4 5 6 |  6.4
Unarmed Combat | 4 5 6 |  6.7
Translocations | 2 3 4 |  4.1

Action                     |  1- 3 |  4- 6 |  7- 9 | 10-12 || total
---------------------------+-------+-------+-------+-------++-------
  Melee: Unarmed           |    71 |   103 |   226 |    19 ||   419
         Constrict         |    19 |    31 |    52 |     2 ||   104
         Tentacles         |    13 |    18 |    68 |     8 ||   107
         Punch             |       |     1 |    13 |       ||    14
  Throw: Boomerang         |       |    17 |    39 |       ||    56
    Use: Scroll            |     4 |     3 |     7 |       ||    14
   Stab: Sleeping          |     7 |    13 |     4 |       ||    24
 Armour: Skin              |    29 |    31 |    98 |    15 ||   173
  Dodge: Dodged            |    49 |    50 |   169 |    26 ||   294
